Map: Cyber Forest LE

Players

Mez

  • Race: Terran Terran
  • League: Master
  • Spawn Location: 5:00

Baphometh - Winner!

  • Race: Terran Terran
  • League: Master
  • Spawn Location: 11:00

VOD

Have the link to the VOD?

Description

Time

  • Played on: Aug. 12, 2019, 8:06 a.m.
  • Length: 8:38
Show
View Real Time Build Order
Export as new Build Order

Mez Terran 

Build Orders: Cyclone Opening 

Get SALT Encoding   

  12  0:00  SCV  
  13  0:12  SCV  
  14  0:17  Supply Depot  
  14  0:25  SCV  
  15  0:38  SCV  
  15  0:39  Barracks  
  16  0:45  Refinery  
  16  0:50  SCV  
  16  0:54  Refinery  
  17  1:03  SCV  
  18  1:15  SCV  
  19  1:27  Reaper, Orbital Command  
  20  1:34  Supply Depot  
  20  1:43  Factory  
  20  1:56  SCV  
  21  2:01  Reaper  
  22  2:08  SCV  
  23  2:20  SCV  
  24  2:32  SCV  
  24  2:34  Factory Tech Lab  
  24  2:35  Barracks Reactor  
  25  2:37  Command Center  
  25  2:46  Starport  
  25  2:48  SCV  
  26  2:56  Cyclone  
  29  3:00  SCV  
  29  3:03  Supply Depot  
  30  3:17  SCV  
  29  3:27  Marine x2  
  29  3:28  Starport Tech Lab  
  29  3:32  Siege Tank  
  34  3:35  SCV  
  34  3:51  Marine x2  
  36  4:12  SCV  
  36  4:15  Raven  
  38  4:19  Marine  
  39  4:24  Refinery  
  39  4:27  SCV, Marine, Orbital Command  
  43  4:39  SCV, Supply Depot  
  43  4:44  Siege Tank  
  43  4:45  Command Center, Marine x2  
  47  4:51  SCV  
  48  4:53  SCV  
  48  4:59  Raven  
  51  5:03  SCV  
  51  5:04  Marine  
  51  5:05  SCV, Marine  
  55  5:10  Supply Depot  
  55  5:15  SCV  
  55  5:17  Siege Tank, SCV  
  60  5:22  Marine  
  60  5:24  Marine  
  62  5:32  SCV x2, Supply Depot  
  64  5:40  Barracks x2  
  64  5:42  Raven  
  66  5:43  Marine x2  
  66  5:47  SCV x2  
  70  5:55  Siege Tank  
  73  5:59  SCV  
  73  6:00  SCV  
  75  6:04  Orbital Command  
  75  6:06  Marine x2  
  77  6:13  Supply Depot  
  77  6:14  SCV x2  
  77  6:18  Engineering Bay  
  79  6:26  Refinery, SCV x2  
  79  6:31  Barracks Reactor x2  
  81  6:34  Siege Tank  
  81  6:39  Viking x2  
  87  6:45  Marine, Orbital Command  
  87  6:51  SCV x2  
  89  7:03  SCV, Supply Depot  
  89  7:04  Barracks, Supply Depot  
  89  7:05  Barracks  
  90  7:10  Marine x5  
  95  7:16  Siege Tank  
  95  7:17  SCV x2  
  95  7:19  SCV  
  101  7:28  Marine  
  76  7:39  Marine x4  
  76  7:43  SCV x3  
  77  7:45  Marine  
  77  7:48  Siege Tank  
  77  7:51  Armory  
  81  7:52  Engineering Bay  
  81  7:55  SCV x2  
  81  7:57  Marine  
  84  8:00  Supply Depot  
  84  8:01  Supply Depot  
  84  8:03  SCV  
  84  8:04  Supply Depot  
  85  8:07  SCV  
  85  8:08  Barracks Reactor x2, Marine  
Show
View Real Time Build Order
Export as new Build Order

Baphometh Terran - Winner!

Build Orders:  

Get SALT Encoding   

  12  0:00  SCV  
  13  0:13  SCV  
  14  0:17  Supply Depot  
  14  0:25  SCV  
  14  0:27  Refinery  
  15  0:38  SCV  
  16  0:45  Barracks  
  16  0:50  SCV  
  16  0:55  Refinery  
  17  1:03  SCV  
  18  1:15  SCV  
  19  1:32  Reaper, Orbital Command  
  20  1:38  Factory  
  20  1:54  Supply Depot  
  20  1:58  SCV  
  21  2:04  Reaper  
  22  2:10  SCV  
  23  2:22  Hellion  
  25  2:24  SCV  
  26  2:36  SCV  
  27  2:37  Reaper  
  28  2:44  Command Center  
  28  2:48  Hellion, SCV  
  31  2:56  Supply Depot  
  31  3:04  Starport  
  31  3:11  Factory Tech Lab  
  31  3:12  Refinery, Barracks Tech Lab  
  31  3:18  SCV  
  32  3:30  SCV  
  32  3:33  Cyclone  
  36  3:38  Barracks Reactor  
  36  3:42  SCV  
  35  3:50  Raven  
  35  3:54  SCV  
  38  3:58  Orbital Command  
  36  4:06  SCV  
  37  4:11  Cyclone  
  37  4:15  Marine x2  
  39  4:18  SCV  
  40  4:25  Supply Depot  
  40  4:28  SCV  
  40  4:31  SCV  
  42  4:36  Raven  
  42  4:37  Marine x2  
  46  4:40  SCV  
  46  4:45  Siege Tank  
  50  4:49  SCV  
  51  4:54  SCV  
  51  4:56  Marine x2  
  54  5:02  Command Center  
  54  5:04  SCV  
  55  5:10  Supply Depot  
  55  5:12  SCV  
  56  5:19  Siege Tank  
  61  5:25  SCV x2  
  61  5:31  Viking x2  
  61  5:35  Stimpack  
  65  5:41  Marine, Supply Depot  
  65  5:42  SCV  
  67  5:43  SCV  
  68  5:52  Refinery  
  68  5:54  SCV  
  69  5:58  Supply Depot  
  69  5:59  SCV  
  69  6:02  Marine  
  69  6:03  Viking, Siege Tank  
  76  6:06  Viking  
  78  6:15  SCV x2  
  78  6:17  Orbital Command  
  80  6:23  Marine  
  81  6:26  Supply Depot  
  81  6:28  SCV x2  
  83  6:33  Viking  
  83  6:36  Viking  
  83  6:37  Supply Depot  
  87  6:44  Siege Tank, Marine, Orbital Command  
  91  7:00  SCV x2  
  93  7:04  Marine  
  94  7:09  Viking x2  
  94  7:10  Engineering Bay, Barracks  
  94  7:11  Engineering Bay, Barracks  
  94  7:13  SCV x2  
  97  7:25  Marine  
  97  7:26  SCV  
  87  7:37  Siege Tank, SCV x2  
  87  7:40  Refinery x2  
  87  7:42  Marine  
  93  7:46  SCV  
  93  7:48  Barracks  
  93  7:49  SCV, Barracks  
  95  7:57  SCV  
  96  7:58  SCV  
  96  7:59  Barracks Reactor x2  
  96  8:03  Marine  
  98  8:08  Supply Depot x2  
  98  8:18  SCV x2  
  89  8:21  SCV  
Tags
 
Add a new tag
Caveats
  • Supply blocks, unpowered buildings, or Contaminate may cause inaccurate times.
  • Supply counts are checked every 10 seconds.